 Dungeon Crawl Stone Soup version 0.29-a0-717-g6dac4ea423 (webtiles) character file.

Game seed: 3871534027444915827

53 crusatyr the Cudgeller (level 3, -2/29 HPs)
             Began as a Demonspawn Monk on June 27, 2022.
             Succumbed to a kobold's poison
             ... on level 2 of the Dungeon.
             The game lasted 00:02:43 (2065 turns).

crusatyr the Cudgeller (Demonspawn Monk)            Turns: 2065, Time: 00:02:43

Health: -2/29      AC:  8    Str: 13    XL:     3   Next: 62%
Magic:  3/3        EV:  6    Int: 11    God:
Gold:   91         SH:  0    Dex: 15    Spells: 2/2 levels left

rFire   . . .      SeeInvis .   a - +0 mace
rCold   . . .      Faith    .   (no shield)
rNeg    . . .      Spirit   .   f - +0 chain mail
rPois   .          Reflect  .   (no helmet)
rElec   .          Harm     .   (no cloak)
rCorr   .          Rampage  .   (no gloves)
Will    .....                   (no boots)
Stlth   ..........              (no amulet)
HPRegen 0.09/turn               (no ring)
MPRegen 0.08/turn               (no ring)

@: lethally poisoned (-2 -> -13)
A: ignite blood 1, powered by death 1
a: no special abilities


You were on level 2 of the Dungeon.
You visited 1 branch of the dungeon, and saw 2 of its levels.

You collected 91 gold pieces.

Inventory:

Hand Weapons
 a - a +0 mace (weapon)
Armour
 f - a +0 chain mail (worn)
Scrolls
 g - a scroll of brand weapon {unknown}
 h - a scroll of vulnerability {unknown}
 i - 3 scrolls of amnesia {unknown}
 j - a scroll of teleportation {unknown}
 k - 2 scrolls of identify {unknown}
Potions
 b - a potion of heal wounds {unknown}
 c - a potion of ambrosia
 d - 2 potions of degeneration {unknown}
 e - a potion of brilliance {unknown}


   Skills:
 - Level 3.0 Fighting
 + Level 4.2 Maces & Flails
 - Level 2.6 Dodging
 - Level 1.7 Stealth


You had 2 spell levels left.
You didn't know any spells.
Your spell library was empty.

Dungeon Overview and Level Annotations

Branches:
Dungeon (2/15)

Altars:


Innate Abilities, Weirdness & Mutations

Your demonic aura sometimes causes spilled blood to erupt in flames.
You regenerate a little health from kills.


Message History

A kobold is nearby!
A hobgoblin comes into view.
A ball python comes into view.
The ball python hisses angrily.
A hobgoblin comes into view.
The kobold hits you but does no damage.
You are poisoned.
You feel very sick.
The ball python bites you but does no damage.
The ball python grabs you. The ball python constricts you.
The ball python bites you but does no damage.
The ball python constricts you.
You escape the ball python's grasp.
You feel sick.
You feel sick.
You hit the kobold.
The kobold is moderately wounded.
You feel sick.
The kobold hits you with a +2 dagger of venom.
You hit the kobold.
The kobold is severely wounded.
You feel sick. The kobold hits you but does no damage.
You are more poisoned.
You closely miss the kobold.
The kobold is severely wounded.
You feel very sick. The kobold hits you but does no damage.
You are lethally poisoned!
You thump the kobold!
You kill the kobold!
* * * LOW HITPOINT WARNING * * *
You feel very sick.
You closely miss the hobgoblin.
* * * LOW HITPOINT WARNING * * *
You feel very sick.
The hobgoblin hits you but does no damage.
The ball python bites you.
* * * LOW HITPOINT WARNING * * *
The ball python barely misses you.
You barely miss the hobgoblin.
You die...

#..........#
#..........#
#..........#
#..........#
#..........#
#..........#
#..........#
#..........#######
###............g@#
#
#....#########S##.#
#....# #...g...##
###### #........#
#...........
#........###
#........#
#.........#
#.........#


You could see 2 hobgoblins and a ball python.

Vanquished Creatures
  A gnoll (D:2)
  A worm (D:2)
  3 ball pythons (D:1)
  3 endoplasms
  A giant cockroach (D:1)
  A goblin (D:2)
  5 hobgoblins
  2 jackals (D:1)
  7 kobolds
  A quokka (D:1)
  4 bats
  A frilled lizard (D:1)
  8 rats
38 creatures vanquished.

Vanquished Creatures (others)
  2 fungi (D:1)
  6 plants (D:1)
8 creatures vanquished.

Grand Total: 46 creatures vanquished

Notes
Turn   | Place    | Note
-------+----------+-------------------------------------------
     0 | D:1      | crusatyr the Demonspawn Monk began the quest for the Orb.
     0 | D:1      | Reached XP level 1. HP: 18/18 MP: 1/1
     9 | D:1      | You fall into a shaft and drop 1 floor!
    91 | D:1      | Reached skill level 3 in Maces & Flails
   346 | D:1      | Gained mutation: You regenerate a little health from kills.
                  | [demonic ancestry]
   346 | D:1      | Reached XP level 2. HP: 17/24 MP: 2/2
   465 | D:1      | Noticed a minotaur skeleton
   510 | D:1      | Found a faded altar of an unknown god.
  1364 | D:2      | Gained mutation: Your demonic aura sometimes causes spilled
                  | blood to erupt in flames. [demonic ancestry]
  1364 | D:2      | Reached XP level 3. HP: 26/29 MP: 3/3
  1420 | D:2      | Reached skill level 4 in Maces & Flails
  2064 | D:2      | HP: 1/29 [ball python (3)]
  2065 | D:2      | Succumbed to a kobold's poison

Illustrated notes

Levels and vault maps discovered:
D:1:      shiori_arrival_whats_in_store_for_you, layout_loops_ring,
          dreamdust_ecumenical_altar_grove
D:2:      layout_basic, basic_altar, chequers_serial_rivers_micro_e,
          eino_curves_01, kennysheep_generic_room_15

Skill      XL: |  1  2  3 |
---------------+----------+-----
Maces & Flails | 3 4 |  4.2
Fighting       | |  3.0
Dodging        | |  2.6
Stealth        | |  1.7

Action                   || total
-------------------------++-------
Melee: Mace              ||   119
 Stab: Sleeping          ||     1
Armor: Robe              ||     8
       Chain mail        ||    67
Dodge: Dodged            ||    48

Table legend: (Time is in decaauts)
 A = Elapsed time spent in this place.
 B = Non-inter-level travel time spent in this place.
 C = Inter-level travel time spent in this place.
 D = Time resting spent in this place.
 E = Time spent auto-exploring this place.
 F = Levels seen in this place.
 G = Mean time per level.
                   A        B        C        D        E       F      G
               +--------+--------+--------+--------+--------+-----+--------+
         Total |   2090 |   2028 |     62 |    399 |   1272 |   2 | 1045.0 |
       Dungeon |   2090 |   2028 |     62 |    399 |   1272 |   2 | 1045.0 |
               +--------+--------+--------+--------+--------+-----+--------+

Top non-repeatable levels by time:
     D:1: 1361 daAuts
     D:2: 729 daAuts
